 Dungeon Crawl Stone Soup version 0.25-a0-547-g27a0b5d1ef (webtiles) character file.

Game seed: 12078371555324461296, levelgen mode: deterministic

45 vurker the Gusty (level 3, 15/15 HPs)
             Began as a Felid Air Elementalist on Feb 21, 2020.
             Quit the game on level 3 of the Dungeon.
             The game lasted 00:03:19 (2372 turns).

vurker the Gusty (Felid Air Elementalist)           Turns: 2372, Time: 00:03:19

Health: 15/15      AC:  1    Str:  4    XL:     3   Next: 42%
Magic:  8/8        EV: 18    Int: 17    God:
Gold:   124        SH:  0    Dex: 16    Spells: 7/8 levels left
                                        Lives:  0   Deaths: 1

rFire    . . .     SeeInvis +   (weapon unavailable)
rCold    . . .     Gourm    .   (shield unavailable)
rNeg     . . .     Faith    .   (armour unavailable)
rPois    .         Spirit   .   (helmet unavailable)
rElec    .         Reflect  .   (cloak unavailable)
rCorr    .         Harm     .   (gloves unavailable)
MR       .....                  (boots unavailable)
Stlth    +++.......             (no amulet)
HPRegen  0.05/turn              (no ring)
MPRegen  0.11/turn              (no ring)

@: very slightly contaminated, invisible, quick
A: very small, no armour, no weapons or thrown items, stealth, claws 1, fangs 3,
see invisible, carnivore, speed 1, shaggy fur 1, slow metabolism 1, sharp paws
a: no special abilities


You were on level 3 of the Dungeon.
You were not hungry.

You visited 1 branch of the dungeon, and saw 3 of its levels.

You collected 124 gold pieces.

Inventory:

Scrolls
 a - 2 scrolls of teleportation {unknown}
 b - a scroll of remove curse {unknown}
 f - a scroll of identify {unknown}
Comestibles
 e - 7 rations
 i - 2 chunks of flesh


   Skills:
 + Level 1.2 Fighting
 - Level 2.6 Dodging
 - Level 2.6 Stealth
 * Level 3.0 Spellcasting
 + Level 1.5 Conjurations
 * Level 3.5 Air Magic


You had 7 spell levels left.
You knew the following spells:

 Your Spells              Type           Power        Failure   Level  Hunger
a - Shock                 Conj/Air       ##..         6%          1    None

Your spell library contained the following spells:

 Spells                   Type           Power        Failure   Level  Hunger
 Swiftness                Chrm/Air       #.......     13%         2    ##.....
 Static Discharge         Conj/Air       ##......     19%         3    ###....
 Airstrike                Air            ##........   38%         4    ####...
 Lightning Bolt           Conj/Air       ##........   86%         5    ######.


Dungeon Overview and Level Annotations

Branches:
Dungeon (3/15)

Altars:
Fedhas
Hepliaklqana
Nemelex Xobeh
Trog
Xom
Zin


Innate Abilities, Weirdness & Mutations

You cannot wear armour.
You are incapable of wielding weapons or throwing items.
Your paws allow you to move quietly. (Stealth)
You have sharp claws.
You have razor-sharp teeth.
You have supernaturally acute eyesight. (SInv)
You are carnivorous and can eat meat at any time.
You cover ground quickly.
You are covered in fur. (AC +1)
You have a slow metabolism.
Your sharp claws are effective at attacking unaware monsters.


Message History

You see here a ring mail.
You open the large door.
There is a large open door here.
There is a dry fountain here.
There is a large open door here.
Done exploring.
You can't see any susceptible monsters within range! (Use Z to cast anyway.) Done exploring.
You can't see any susceptible monsters within range! (Use Z to cast anyway.) Done exploring.
You can't see any susceptible monsters within range! (Use Z to cast anyway.) Done exploring.
Done exploring.
You see here a +0 halberd.
There is a stone staircase leading down here.
You climb downwards.
A goblin comes into view.
Found 7 gold pieces.
There is a stone staircase leading up here.
A goblin is nearby!
A goblin is nearby!
The zap hits the goblin.
The goblin shouts!
The zap misses the goblin.
The zap hits the goblin.
You kill the goblin!
You can't see any susceptible monsters within range! (Use Z to cast anyway.)
You can't see any susceptible monsters within range! (Use Z to cast anyway.)
Found a stone staircase leading down.
You can't see any susceptible monsters within range! (Use Z to cast anyway.)
You now have 124 gold pieces (gained 7).
There is a stone staircase leading up here.
Found a stone staircase leading up.
You see here a goblin corpse.
You butcher the goblin corpse.
i - 2 chunks of flesh You see here a goblin skeleton. x2
It was a potion of lignification.
You turn into a tree.
Your roots penetrate the ground.
It was a potion of might.
You feel very mighty all of a sudden.
It was a potion of cancellation.
Your magical effects are unravelling.
You feel magically purged.
You feel less wooden.
You feel a little less mighty now.
It was a potion of invisibility.
You fade into invisibility!
You are very lightly contaminated with residual magic.
Saving game... please wait.
Welcome back, vurker the Felid Air Elementalist.

### <.
... ..
.># #.
#.. ##.
#.# ..
#.# #.
#.#
#.#####.#
#.@..<..#
#########


There were no monsters in sight!

Vanquished Creatures
  3 gnolls (D:2)
  An adder (D:1)
  2 oozes
  A worm (D:2)
  A dart slug (D:2)
  3 giant cockroaches
  5 hobgoblins
  3 jackals (D:1)
  A quokka (D:2)
  9 bats
  2 frilled lizards
  A giant cockroach zombie (D:2)
  4 goblins
  5 kobolds
  5 rats
46 creatures vanquished.

Notes
Turn   | Place    | Note
-------+----------+-------------------------------------------
     0 | D:1      | vurker the Felid Air Elementalist began the quest for the
                  | Orb.
     0 | D:1      | Reached XP level 1. HP: 7/7 MP: 4/4
   152 | D:1      | Reached skill level 1 in Conjurations
   346 | D:1      | Reached XP level 2. HP: 12/12 MP: 3/6
   894 | D:1      | Found a sparkling altar of Nemelex Xobeh.
   926 | D:1      | Found a bloodstained altar of Trog.
   926 | D:1      | Found a basalt altar of Yredelemnul.
   928 | D:1      | Found a hazy altar of Hepliaklqana.
   928 | D:1      | Found a blossoming altar of Fedhas.
   928 | D:1      | Found a shimmering altar of Xom.
  1005 | D:2      | Reached XP level 3. HP: 15/15 MP: 5/7
  1557 | D:2      | Found a glowing silver altar of Zin.
  1593 | D:2      | Reached skill level 1 in Fighting
  1762 | D:2      | Noticed a gnoll sergeant
  1788 | D:2      | Reached XP level 4. HP: 10/19 MP: 3/9
  2131 | D:2      | Slain by a gnoll sergeant
  2132 | D:2      | Reached XP level 3. HP: 0/15 MP: 2/8
  2372 | D:3      | Quit the game

Levels and vault maps discovered:
D:1:      dpeg_arrival_rooms_with_view, layout_basic, doesnt_xom_only_xom
D:2:      layout_basic, lemuel_doored_altar, kennysheep_generic_room_15
D:3:      layout_loops_ring, ebering_ghost_gozag, uniq_terence

Skill      XL: |  1  2  3  4 |
---------------+-------------+-----
Conjurations   | 1 |  1.5
Air Magic      | 3 |  3.5
Fighting       | 1 |  1.2
Spellcasting   | 3 |  3.0
Dodging        | |  2.6
Stealth        | |  2.6

Action                   |  1- 3 |  4- 6 || total
-------------------------+-------+-------++-------
Melee: Unarmed           |    12 |     3 ||    15
       Bite              |     1 |     1 ||     2
 Cast: Shock             |    87 |    23 ||   110
  Use: Potion            |     4 |       ||     4
  Eat: Chunk             |    10 |       ||    10
Armor: Skin              |     4 |     1 ||     5
Dodge: Dodged            |    25 |     7 ||    32

Table legend:
 A = Non-vault XP
 B = Vault XP
 C = Vault XP percentage of total XP
 D = Non-vault monster count
 E = Vault monster count
 F = Vault count percentage of total count
                 A         B        C        D         E       F
            +---------+---------+-------+---------+---------+-------
      Total |     131 |       4 |   3.0 |      43 |       3 |   6.5
            +---------+---------+-------+---------+---------+-------
        D:1 |      50 |       3 |   5.7 |      22 |       2 |   8.3
        D:2 |      79 |       1 |   1.2 |      20 |       1 |   4.8
        D:3 |       2 |       0 |   0.0 |       1 |       0 |   0.0
            +---------+---------+-------+---------+---------+-------
